 Dungeon Crawl Stone Soup version 0.18-a0-1507-g69458e0 (webtiles) character file.

16505 Aksel the Severer (level 12, -20/107 HPs)
             Began as a Hill Orc Fighter on Mar 5, 2016.
             Was a High Priest of Beogh.
             Killed from afar by an ice dragon (46 damage)
             ... with a blast of cold
             ... in an ice cave on Mar 6, 2016.
             The game lasted 02:07:52 (16031 turns).

Aksel the Severer (Hill Orc Fighter)               Turns: 16031, Time: 02:07:52

Health: -20/107    AC: 14    Str: 23    XL:     12   Next: 38%
Magic:  13/13      EV: 14    Int: 15    God:    Beogh [*****.]
Gold:   1236       SH: 13    Dex: 24    Spells: 0 memorised, 11 levels left

rFire  . . .     SeeInvis .     k - +8 flail "Puop" {crush, *Drain rElec rPois Int+4}
rCold  . . .     Gourm    .     b - +0 scale mail
rNeg   . . .     Faith    .     c - +0 shield
rPois  +         Spirit   .     G - +2 hat {Int+3}
rElec  +         Dismiss  +     x - +1 cloak
rCorr  .         Reflect  .     (no gloves)
SustAt .         Harm     .     E - +0 pair of boots of the Game Afoot {MR++}
MR     ++...                    v - amulet of dismissal
Stlth  ++........               i - +5 ring of dexterity
                                Q - +3 ring of strength

@: agile, very resistant to hostile enchantments, unstealthy
A: walk on water
a: Smiting, Recall Orcish Followers, Give Item to Named Follower, Renounce
Religion


You were in an ice cave.
You worshipped Beogh.
Beogh was extremely pleased with you.
You were not hungry.

You visited 2 branches of the dungeon, and saw 14 of its levels.
You also visited: Ice Cave.

You collected 1472 gold pieces.
You spent 236 gold pieces at shops.

Inventory:

Hand Weapons
 a - a +1 war axe
 k - the +8 flail "Puop" (weapon) {crush, *Drain rElec rPois Int+4}
   (You found it on level 1 of the Lair of Beasts)

   It inflicts extra damage upon your enemies.
   It affects your intelligence (+4).
   It insulates you from electricity.
   It protects you from poison.
   It causes draining when unequipped.
 z - a +0 hunting sling
Missiles
 d - 3 throwing nets (quivered)
 m - 33 sling bullets
 C - 6 tomahawks
Armour
 b - a +0 scale mail (worn)
 c - a +0 shield (worn)
 x - a +1 cloak (worn)
 E - the +0 pair of boots of the Game Afoot (worn) {MR++}
   (You bought it in a shop on level 5 of the Dungeon)

   It affects your resistance to hostile enchantments.
 G - a +2 hat of intelligence (worn)
Jewellery
 g - an uncursed ring of flight
 h - an uncursed ring of protection from magic
 i - a +5 ring of dexterity (right hand)
 p - an uncursed ring of flight
 r - an uncursed amulet of harm
 v - an amulet of dismissal (around neck)
 y - an uncursed ring of poison resistance
 I - an uncursed ring of sustain attributes
 Q - a +3 ring of strength (left hand)
Wands
 A - a wand of confusion (20/48)
 P - a wand of slowing (18/48)
 V - a wand of lightning (10/15)
 X - a wand of lightning (7/15)
Scrolls
 l - 3 scrolls of teleportation
 n - a scroll of fear
 u - 2 scrolls of recharging
 w - a scroll of immolation {unknown}
 B - 3 scrolls of remove curse
 F - 3 scrolls of magic mapping {unknown}
 K - 3 scrolls of random uselessness {unknown}
 N - 5 scrolls of fog {unknown}
Potions
 e - 5 potions of curing
 j - 5 potions of brilliance
 o - a potion of agility
 D - a potion of cancellation {unknown}
 H - a potion of flight {unknown}
 T - 2 potions of haste {unknown}
Miscellaneous
 s - a sack of spiders
Comestibles
 f - 7 bread rations


   Skills:
 - Level 10.5 Fighting
 - Level 15.6(17.1) Axes
 * Level 10.9(13.5) Maces & Flails
 - Level 0.1(0.2) Slings
 - Level 0.1(0.2) Throwing
 - Level 6.0 Armour
 - Level 1.0 Dodging
 - Level 8.0 Shields
 - Level 2.1 Invocations


You had 11 spell levels left.
You didn't know any spells.

Dungeon Overview and Level Annotations

Branches:
Dungeon (11/15)            Temple (0/1) D:6            Lair (3/8) D:8
    Orc (0/2) D:10
  Swamp: Lair:3-6    Shoals: Lair:3-6     Snake: Lair:3-6    Spider: Lair:3-6

Altars:
Ashenzari
Fedhas
Gozag
Kikubaaqudgha
Nemelex Xobeh
Okawaru
Ru
Trog
Xom
The Shining One

Shops:
D:5 [   D:7 :

Annotations:
D:4 Aksel's ghost, amateur HOFi


Message History

The ice dragon is heavily wounded.
The ice dragon bites you.
The ice dragon claws you but does no damage.
The ice dragon completely misses you.
You sock the ice dragon!
The ice dragon is heavily wounded.
You hit the ice dragon.
The ice dragon is severely wounded.
The ice dragon bites you. The ice dragon completely misses you.
The ice dragon closely misses you.
You hit the ice dragon but do no damage.
The ice dragon is severely wounded.
The ice dragon breathes frost at you. The blast of cold hits you!
* * * LOW HITPOINT WARNING * * *
Your amulet of dismissal vibrates suddenly!
The ice dragon disappears!
The ice dragon breathes frost at you. The blast of cold hits you!
You die...

#.....# ##.....##
##.......# #### #........##
##..###### ##........##
##....##..## ###.........##
#..........###.............
#.∩.∩.......#..D...........
#.......##@...##..........#
##....#####..####.........#
##..## #### #.........##
#### ##........# ##......##
##....## ##..## ###


You could see an ice dragon.

Vanquished Creatures
  Gastronok (Lair:3)
  An ice dragon (IceCv)
  Pikel (D:8)
  The ghost of pario the Firebug, a novice DsFE of Vehumet (D:7)
  2 ice statues (IceCv)
  4 spiny frogs
  A komodo dragon (Lair:2)
  A two-headed ogre (D:8)
  A blink frog (Lair:1)
  A hungry ghost (D:10)
  2 yaks
  A basilisk (Lair:2)
  2 hippogriffs
  2 water moccasins (Lair:2)
  A porcupine (Lair:1)
  2 orc warriors (D:9)
  2 black bears
  A phantom (D:4)
  16 ice beasts
  6 ogres
  6 centaurs
  6 crocodiles
  2 big kobolds
  8 giant frogs
  4 scorpions
  2 water moccasin skeletons
  4 killer bees (D:8)
  2 vampire bats (D:7)
  4 crimson imps
  2 jellies (D:5)
  2 giant frog zombies (D:6)
  7 hounds
  4 orc priests
  3 gnoll shamans (D:4)
  3 orc wizards
  Crazy Yiuf (D:4)
  A centaur skeleton (D:8)
  2 giant frog skeletons (D:4)
  3 iguanas
  7 worker ants
  A killer bee zombie (D:7)
  A hound zombie (D:6)
  A worker ant zombie (D:8)
  46 gnolls
  7 adders
  6 river rats
  A shadow imp (D:10)
  4 white imps (Lair:3)
  3 adder zombies
  An adder skeleton (D:5)
  9 worms
  2 dart slugs (D:1)
  8 giant geckos
  12 orcs
  3 bat skeletons (D:7)
  2 bat zombies (D:7)
  4 giant cockroaches
  8 goblins
  11 hobgoblins
  18 jackals
  7 kobolds
  5 quokkas
  A ball python (D:2)
  7 bats
  A giant gecko skeleton (D:7)
  5 giant newts
  7 rats
303 creatures vanquished.

Vanquished Creatures (collateral kills)
  A hydra (Lair:1)
  A hill giant (D:10)
  A griffon (Lair:3)
  A rime drake (Lair:2)
  A two-headed ogre (D:8)
  3 blink frogs (Lair:1)
  A vampire (D:9)
  7 yaks
  A wraith (D:10)
  A basilisk (Lair:2)
  2 hippogriffs (Lair:2)
  Menkaure (D:4)
  5 porcupines
  2 eyes of draining
  2 ogres (D:10)
  A centaur (D:8)
  A crocodile (Lair:2)
  A scorpion (D:10)
  6 killer bees
  A giant frog zombie (D:8)
  A crimson imp (D:9)
  An orc priest (D:9)
  A giant frog skeleton (D:9)
  2 hounds
  A jelly (D:8)
  2 iguanas
  An orc wizard (D:9)
  A worker ant (D:9)
  A worker ant zombie (D:10)
  A gnoll (D:8)
  2 adders
  6 river rats
  8 white imps (Lair:3)
  3 orcs (D:9)
  A quokka zombie (D:8)
  2 fungi (Lair:2)
  5 plants
79 creatures vanquished.

Vanquished Creatures (others)
  A giant frog (D:8)
  An orc priest (D:8)
  A slave (D:8)
  2 orc wizards
  2 gnolls (D:4)
  9 orcs
  A giant gecko zombie (D:8)
  A plant (Lair:3)
18 creatures vanquished.

Grand Total: 400 creatures vanquished

Notes
Turn   | Place    | Note
--------------------------------------------------------------
     0 | D:1      | Aksel the Hill Orc Fighter began the quest for the Orb.
     0 | D:1      | Reached XP level 1. HP: 19/19 MP: 1/1
    84 | D:1      | Reached skill level 3 in Axes
   205 | D:1      | Reached XP level 2. HP: 26/26 MP: 2/2
   244 | D:1      | Found a sparkling altar of Nemelex Xobeh.
   383 | D:1      | Reached skill level 1 in Dodging
   655 | D:1      | Reached skill level 4 in Axes
   655 | D:1      | Reached XP level 3. HP: 31/31 MP: 3/3
  1187 | D:2      | Reached skill level 5 in Axes
  1252 | D:2      | Reached XP level 4. HP: 39/39 MP: 4/4
  1933 | D:3      | Reached skill level 6 in Axes
  2058 | D:3      | Found a sacrificial altar of Ru.
  2201 | D:4      | Reached XP level 5. HP: 20/45 MP: 5/5
  2683 | D:4      | Noticed Aksel's ghost (amateur HOFi)
  2738 | D:4      | HP: 2/45 [Aksel's ghost (11)]
  3179 | D:4      | Became a worshipper of Beogh the Brigand
  3190 | D:4      | Reached skill level 7 in Axes
  3243 | D:4      | Reached XP level 6. HP: 36/51 MP: 6/6
  3248 | D:4      | Reached skill level 8 in Axes
  3558 | D:4      | Reached skill level 9 in Axes
  3828 | D:4      | Reached XP level 7. HP: 41/57 MP: 7/7
  4037 | D:4      | Reached skill level 10 in Axes
  4135 | D:4      | Reached * piety under Beogh
  4595 | D:4      | Reached skill level 5 in Fighting
  4623 | D:4      | Reached XP level 8. HP: 47/71 MP: 8/8
  4884 | D:5      | Entered Level 5 of the Dungeon
  4990 | D:4      | Found a sparkling altar of Nemelex Xobeh.
  5101 | D:4      | Found an iron altar of Okawaru.
  5187 | D:4      | Noticed Crazy Yiuf
  5196 | D:4      | Killed Crazy Yiuf
  5331 | D:4      | Reached ** piety under Beogh
  5988 | D:5      | Found an opulent altar of Gozag.
  6397 | D:5      | Found Qofop's Armour Emporium.
  6408 | D:5      | Bought the cursed +0 pair of boots of the Game Afoot {MR++} for 236 gold pieces
  6571 | D:5      | Found a bloodstained altar of Trog.
  6969 | D:6      | Found a staircase to the Ecumenical Temple.
  7090 | D:6      | Reached skill level 11 in Axes
  7090 | D:6      | Reached XP level 9. HP: 73/81 MP: 9/9
  7142 | D:6      | Found a shattered altar of Ashenzari.
  7567 | D:7      | Reached *** piety under Beogh
  7617 | D:7      | Reached skill level 5 in Shields
  7645 | D:7      | Noticed pario's ghost (novice DsFE)
  7668 | D:7      | Killed pario's ghost
  7676 | D:7      | Reached skill level 12 in Axes
  7822 | D:7      | Reached skill level 5 in Armour
  8222 | D:7      | Found Xiucaf's Book Boutique.
  8363 | D:7      | Found a sparkling altar of Nemelex Xobeh.
  8471 | D:7      | Found an ancient bone altar of Kikubaaqudgha.
  8674 | D:8      | Noticed Pikel
  8691 | D:8      | Killed Pikel
  8691 | D:8      | Reached XP level 10. HP: 80/91 MP: 10/10
  8990 | D:8      | Reached skill level 13 in Axes
  9209 | D:8      | Reached **** piety under Beogh
  9337 | D:8      | Found a staircase to the Lair.
  9497 | D:8      | Found a blossoming altar of Fedhas.
  9781 | D:8      | Found a glowing golden altar of the Shining One.
 10045 | D:4      | Noticed Menkaure
 10049 | D:4      | Killed Menkaure
 11070 | D:9      | Reached skill level 14 in Axes
 11286 | D:9      | Found a shimmering altar of Xom.
 11673 | D:9      | Reached skill level 10 in Fighting
 11906 | D:10     | Entered Level 10 of the Dungeon
 12162 | D:10     | Noticed a hill giant
 12170 | D:10     | Killed a hill giant
 12202 | D:10     | Found a staircase to the Orcish Mines.
 12271 | D:10     | Gained Gorbash as an ally
 12282 | D:10     | Reached XP level 11. HP: 48/100 MP: 11/11
 12317 | D:10     | Reached skill level 1 in Invocations
 12757 | D:10     | Reached ***** piety under Beogh
 12835 | Lair:1   | Entered Level 1 of the Lair of Beasts
 12969 | Lair:1   | Noticed an eight-headed hydra
 12977 | Lair:1   | Killed a nine-headed hydra
 12977 | Lair:1   | Reached skill level 15 in Axes
 13141 | Lair:1   | Got a fine flail
 13150 | Lair:1   | Identified the +8 flail "Puop" {crush, *Drain rElec rPois Int+4} (You found it on level 1 of the Lair of Beasts)
 13175 | Lair:1   | Reached skill level 1 in Maces & Flails
 13680 | Lair:2   | Found a labyrinth entrance.
 13684 | Lair:2   | Reached skill level 5 in Maces & Flails
 14312 | Lair:3   | Noticed Nergalle
 14437 | Lair:3   | Noticed Gastronok
 14453 | Lair:3   | Killed Gastronok
 14453 | Lair:3   | Reached XP level 12. HP: 45/107 MP: 13/13
 14482 | Lair:3   | Found a frozen archway.
 14494 | Lair:3   | Gained Arbolt as an ally
 14568 | IceCv    | Entered an ice cave
 14903 | IceCv    | Reached skill level 10 in Maces & Flails
 15468 | IceCv    | Noticed an ice dragon
 15468 | IceCv    | Noticed an ice dragon
 15478 | IceCv    | Killed an ice dragon
 16031 | IceCv    | Killed from afar by an ice dragon

Vault maps used:
D:1:      dpeg_cavernosity, nemelex_deck
D:3:      lemuel_round_altar
D:4:      lemuel_castle_with_subvaults, kennysheep_mini_moat,
          nicolae_overflow_hidden_temple, first_bread, uniq_menkaure,
          uniq_crazy_yiuf_cottage
D:5:      lightli_temple_of_fire, nicolae_gozag_cash_rules_everything_around_me,
          serial_shops, shop, grunt_decor_cap
D:6:      lemuel_crystal_altar, temple_green
D:7:      kennysheep_vampire_church, serial_shops, shop_statue,
          lemuel_centaur_altar
D:8:      kennysheep_blocky_hall, nicolae_tso_swordbearing_angel, lair_0_dummy,
          hangedman_tree_tricks, uniq_pikel
D:9:      xom_confusion_cloud
D:10:     orc_0_dummy
D:11:     minmay_misc_feat_diagonals, uniq_sonja
Lair:1:   patterned_corridor
Lair:2:   lab_entry_generic, infiniplex_staircase_pool, grunt_megastairs_2
Lair:3:   nicolae_spider_entry_tight_spaces, portal_ice_cave_entry_imps,
          nicolae_lair_grove_arrangements, worms_lemuel, uniq_nergalle,
          uniq_gastronok
IceCv:    ice_cave_small_dragons

Skill      XL: |  1  2  3  4  5  6  7  8  9 10 11 12 |
---------------+-------------------------------------+-----
Axes           | 3 4 5 6 7 9 10 11 12 14 15 | 15.6
Dodging        | 1 |  1.0
Fighting       | 6 8 9 10 | 10.5
Shields        | 4 6 7 8 |  8.0
Armour         | 4 5 6 |  6.0
Invocations    | 2 |  2.1
Maces & Flails | 8 10 | 10.9
Slings         | |  0.1
Throwing       | |  0.1

Action                   |  1- 3 |  4- 6 |  7- 9 | 10-12 || total
-------------------------+-------+-------+-------+-------++-------
Melee: War axe           |   105 |   213 |   513 |   229 ||  1060
       Flail             |       |       |       |   248 ||   248
 Fire: Hunting sling     |       |       |     3 |     8 ||    11
Throw: Throwing net      |       |       |     1 |       ||     1
Invok: Convert to Beogh  |       |     1 |       |       ||     1
       Recall Orcish Fol |       |       |       |     8 ||     8
       Give Item to Name |       |       |       |     1 ||     1
 Abil: Evoke Flight      |       |       |       |     1 ||     1
Evoke: Wand              |       |       |       |     1 ||     1
  Use: Scroll            |       |     4 |     5 |     5 ||    14
       Potion            |       |     1 |       |     7 ||     8
 Stab: Distracted        |       |     1 |     1 |     3 ||     5
       Held in net/web   |       |       |     1 |       ||     1
  Eat: Chunk             |     1 |     9 |    12 |    11 ||    33
       Beef jerky        |       |       |     1 |     1 ||     2
       Meat ration       |       |       |     1 |     1 ||     2
       Bread ration      |       |       |       |     2 ||     2
